 Dungeon Crawl Stone Soup version 0.18.1-8-gdd0e5ea (webtiles) character file.

255 Shtopit the Covered (level 6, -1/48 HPs)
             Began as a Formicid Fighter on June 1, 2016.
             Was an Initiate of Ashenzari.
             Slain by Blork the orc
             ... wielding a +7 war axe of electrocution
              (7 damage)
             ... on level 4 of the Dungeon.
             The game lasted 00:07:54 (3569 turns).

Shtopit the Covered (Formicid Fighter)              Turns: 3569, Time: 00:07:55

Health: -1/48      AC:  8    Str: 22    XL:     6   Next: 38%
Magic:  6/6        EV:  9    Int:  8    God:    Ashenzari [......]
Gold:   135        SH: 10    Dex: 10    Spells: 0 memorised, 5 levels left

rFire  . . .     SeeInvis +     a - +0 long sword
rCold  . . .     Gourm    .     b - +0 scale mail
rNeg   . . .     Faith    .     c - +0 shield
rPois  .         Spirit   .     (helmet unavailable)
rElec  .         Dismiss  .     (no cloak)
rCorr  .         Reflect  .     (no gloves)
SustAt .         Harm     .     (no boots)
MR     .....                    (no amulet)
Stlth  ..........               (no ring)
                                A - +1 ring of protection

@: not resistant to hostile enchantments, extremely unstealthy
A: permanent stasis, dig shafts and tunnels, four strong arms, antennae 3
a: Dig, Shaft Self, Curse Item, Renounce Religion


You were on level 4 of the Dungeon.
You worshipped Ashenzari.
Ashenzari was noncommittal.
You were not hungry.

You visited 1 branch of the dungeon, and saw 4 of its levels.

You collected 135 gold pieces.

Inventory:

Hand Weapons
 a - a +0 long sword (weapon)
Missiles
 g - 32 bolts
Armour
 b - a +0 scale mail (worn)
 c - a +0 shield (worn)
Jewellery
 A - a +1 ring of protection (left hand)
 C - an uncursed ring of magical power
Scrolls
 i - a scroll of blinking {unknown}
 j - a scroll of random uselessness {unknown}
 m - a scroll of recharging {unknown}
 n - a scroll of enchant weapon {unknown}
 o - 3 scrolls of identify {unknown}
 p - a scroll of enchant armour {unknown}
 t - a scroll of immolation {unknown}
 w - 2 scrolls of remove curse
 y - a scroll of amnesia {unknown}
 D - 2 scrolls of teleportation {unknown}
Potions
 d - a potion of might
 e - a potion of curing {unknown}
 h - a potion of brilliance {unknown}
 k - a potion of agility {unknown}
 q - a potion of mutation {unknown}
 r - a potion of magic {unknown}
 s - a potion of degeneration {unknown}
 u - a potion of berserk rage {unknown}
 z - a potion of haste {unknown}
Comestibles
 f - 5 bread rations
 l - 3 meat rations
 v - 2 beef jerkies
 x - 2 chunks of flesh
 B - a slice of pizza


   Skills:
 + Level 3.7 Fighting
 + Level 3.1 Long Blades
 + Level 5.2 Armour
 + Level 1.9 Dodging
 + Level 1.0 Stealth
 + Level 4.6 Shields


You had 5 spell levels left.
You didn't know any spells.

Dungeon Overview and Level Annotations

Branches:
Dungeon (4/15)
 Temple: D:4-7

Altars:
Ashenzari
Trog

Annotations:
D:4 Blork the orc


Innate Abilities, Weirdness & Mutations

You are under a permanent stasis effect.
You can dig through walls and to a lower floor.
Your four strong arms can wield two-handed weapons with a shield.
You have a pair of large antennae on your head (SInv).


Message History

Blork the orc hits you with a war axe of electrocution.
Blork the orc closely misses you.
You slash Blork the orc!
Blork the orc is severely wounded.
Blork the orc hits you with a war axe of electrocution!
You are electrocuted!
You barely miss Blork the orc.
Blork the orc is severely wounded.
Blork the orc hits you but does no damage.
You are electrocuted!
* * * LOW HITPOINT WARNING * * *
Drink which item? (? for menu, Esc to quit)
Okay, then.
You hit Blork the orc.
Blork the orc is severely wounded.
You block Blork the orc's attack.
You barely miss Blork the orc.
Blork the orc is severely wounded.
Blork the orc hits you with a war axe of electrocution!
You die...

)...........##
..............#
...?......(....##
......[..........
..%..............
......?..........
.................
#.>......@o...#.
.................
###.##.##..###..
# #.##.# #.# #
#.#..# ... #
#.#.## ..## #
#.#.# .# #
#####.#.##..... #
#..........#


You could see Blork the orc.

Vanquished Creatures
  A hound (D:3)
  An orc wizard (D:4)
  4 gnolls (D:3)
  8 adders
  3 dart slugs
  A giant gecko (D:1)
  9 orcs
  6 bats
  2 giant cockroaches
  6 goblins
  10 hobgoblins
  6 jackals
  2 quokkas
  A giant gecko skeleton (D:4)
  5 giant newts
  2 kobolds
  4 rats
71 creatures vanquished.

Vanquished Creatures (others)
  A rat (D:1)
1 creature vanquished.

Grand Total: 72 creatures vanquished

Notes
Turn   | Place    | Note
--------------------------------------------------------------
     0 | D:1      | Shtopit the Formicid Fighter began the quest for the Orb.
     0 | D:1      | Reached XP level 1. HP: 18/18 MP: 1/1
   232 | D:1      | Reached XP level 2. HP: 21/24 MP: 2/2
   853 | D:1      | Reached XP level 3. HP: 29/29 MP: 3/3
   856 | D:2      | Reached skill level 4 in Armour
   895 | D:2      | Found a shattered altar of Ashenzari.
   908 | D:2      | Became a worshipper of Ashenzari the Shackled
  1188 | D:2      | Reached XP level 4. HP: 35/35 MP: 4/4
  2040 | D:3      | Found a bloodstained altar of Trog.
  2068 | D:3      | Reached skill level 1 in Dodging
  2068 | D:3      | Reached XP level 5. HP: 27/41 MP: 5/5
  2713 | D:3      | Reached skill level 1 in Stealth
  3063 | D:3      | Reached XP level 6. HP: 47/48 MP: 6/6
  3258 | D:4      | Reached skill level 5 in Armour
  3560 | D:4      | Noticed Blork the orc
  3569 | D:4      | Slain by Blork the orc

Skill      XL: |  1  2  3  4  5  6 |
---------------+-------------------+-----
Armour         | 4 5 |  5.2
Shields        | 4 |  4.6
Dodging        | 1 |  1.9
Stealth        | 1 |  1.0
Long Blades    | 3 |  3.1
Fighting       | |  3.7

Action                   |  1- 3 |  4- 6 || total
-------------------------+-------+-------++-------
Melee: Long sword        |    68 |   196 ||   264
  Eat: Chunk             |     1 |     8 ||     9
Armor: Scale mail        |    34 |    73 ||   107
Dodge: Dodged            |    29 |    75 ||   104
Block: Shield            |    42 |    97 ||   139
